 Dungeon Crawl Stone Soup version 0.20-a0-823-gdec668e (webtiles) character file.

60 useraccount the Charmwright (level 3, -3/29 HPs)
             Began as a Demigod Skald on Mar 5, 2017.
             Slain by an orc priest
             ... wielding a +0 flail
              (6 damage)
             ... on level 2 of the Dungeon.
             The game lasted 00:02:03 (1970 turns).

useraccount the Charmwright (Demigod Skald)         Turns: 1970, Time: 00:02:04

Health: -3/29      AC:  3    Str: 16    XL:     3   Next: 57%
Magic:  7/9        EV: 12    Int: 17    God:
Gold:   39         SH:  0    Dex: 15    Spells: 1/6 levels left

rFire    . . .     SeeInvis .   a - +0 spear
rCold    . . .     Gourm    .   b - +0 leather armour
rNeg     . . .     Faith    .   (no shield)
rPois    .         Spirit   .   (no helmet)
rElec    .         Reflect  .   (no cloak)
rCorr    .         Harm     .   (no gloves)
MR       .....                  (no boots)
Stlth    ++........             (no amulet)
Regen    0.1/turn               (no ring)
MPRegen  0.2/turn               p - ring of stealth

@: very slightly contaminated
A: high mp 1
a: no special abilities


You were on level 2 of the Dungeon.
You were not hungry.

You visited 1 branch of the dungeon, and saw 3 of its levels.

You collected 39 gold pieces.

Inventory:

Hand Weapons
 a - a +0 spear (weapon)
Armour
 b - a +0 leather armour (worn)
Jewellery
 p - a ring of stealth (left hand)
Scrolls
 j - a scroll of fog {unknown}
 k - 4 scrolls of identify {unknown}
 l - a scroll of teleportation {unknown}
 o - a scroll of remove curse {unknown}
 q - a scroll of amnesia {unknown}
Potions
 e - a potion of heal wounds {unknown}
 i - a potion of lignification {unknown}
 m - a potion of brilliance {unknown}
 n - 3 potions of curing {unknown}
 r - a potion of agility {unknown}
 s - a potion of degeneration {unknown}
Books
 c - a book of Battle

   Spells                             Type                      Level
   a - Infusion                       Charms                       1
   b - Shroud of Golubria             Charms/Translocation         2
   c - Song of Slaying                Charms                       2
   d - Spectral Weapon                Hexes/Charms                 3
   e - Regeneration                   Charms/Necromancy            3
Comestibles
 d - 2 bread rations
 f - a chunk of flesh
 g - a royal jelly
 h - a meat ration


   Skills:
 - Level 2.0 Fighting
 + Level 2.2 Polearms
 + Level 1.4 Armour
 - Level 2.0 Dodging
 + Level 2.3 Spellcasting
 - Level 3.0 Charms
 + Level 0.8 Translocations


You had one spell level left.
You knew the following spells:

 Your Spells              Type           Power        Failure   Level  Hunger
a - Infusion              Chrm           ##..         10%         1    #......
b - Song of Slaying       Chrm           ##......     12%         2    ###....
c - Shroud of Golubria    Chrm/Tloc      #.........   17%         2    ###....


Dungeon Overview and Level Annotations

Branches:
Dungeon (3/15)


Innate Abilities, Weirdness & Mutations

You have an increased reservoir of magic. (+10% MP)


Message History

You barely miss the orc priest.
The orc priest is heavily wounded.
The orc priest hits you with a flail.
You hit the orc priest.
The orc priest is severely wounded.
The orc priest calls down the wrath of Beogh upon you.
Beogh smites you!
* * * LOW HITPOINT WARNING * * *
You closely miss the orc priest.
The orc priest is severely wounded.
The orc priest closely misses you.
You hit the orc priest but do no damage.
The orc priest is severely wounded.
The orc priest closely misses you.
You hit the orc priest.
The orc priest is almost dead.
You barely miss the orc priest.
The orc priest is almost dead.
The orc priest hits you with a flail.
You die...

####..# #.##### #...# #...
...#..######.....# #...# ####
##...............#####.#######
####..######.<.....###.###...#
......# #.....#...........###
......# #.....#####.#.).....#
####### ###.### #.#.##.##.#
#...# ##.#.##.##.## ###@#
#....##...... #######o#
#....#####.#. #>......#
##....#####.#. #.#####.#
#............. #.#####.#
#.....#####.## #.##....#
#.....# #.# #.##.##.# #.....#
#.# #.......# #....)# #รท#
####.############ #.#


You could see an orc priest.

Vanquished Creatures
  An adder (D:2)
  An ooze (D:1)
  A worm (D:2)
  A dart slug (D:1)
  3 leopard geckos
  6 giant cockroaches
  6 goblins
  5 hobgoblins
  3 kobolds (D:1)
  A ball python (D:1)
  6 bats
  2 frilled lizards (D:1)
  2 rats (D:2)
38 creatures vanquished.

Notes
Turn   | Place    | Note
-------+----------+-------------------------------------------
     0 | D:1      | useraccount the Demigod Skald began the quest for the Orb.
     0 | D:1      | Reached XP level 1. HP: 17/17 MP: 5/5
    44 | D:1      | Reached skill level 1 in Armour
   145 | D:1      | Reached XP level 2. HP: 21/24 MP: 2/7
   204 | D:1      | Learned a level 2 spell: Song of Slaying
   267 | D:1      | Learned a level 2 spell: Shroud of Golubria
   520 | D:1      | Reached skill level 3 in Charms
   785 | D:1      | Reached XP level 3. HP: 29/29 MP: 2/8
  1040 | D:2      | HP: 1/29 [worm (7)]
  1537 | D:2      | Found a faded altar of an unknown god.
  1970 | D:2      | Slain by an orc priest

Vault maps used:
D:1:      saegor_arrival_simple_e
D:2:      chequers_ecumenical_altar_simple_redux

Skill      XL: |  1  2 |
---------------+-------+-----
Armour         | 1 |  1.4
Spellcasting   | 2 |  2.3
Dodging        | 2 |  2.0
Polearms       | 2 |  2.2
Fighting       | 2 |  2.0
Charms         | 3 |  3.0
Translocations | |  0.8

Action                   || total
-------------------------++-------
Melee: Spear             ||   157
 Cast: Infusion          ||     4
       Song of Slaying   ||     5
       Shroud of Golubri ||     8
  Eat: Chunk             ||     4
Armor: Leather armour    ||    28
Dodge: Dodged            ||    70
